Espoo Blues vs Newfoundland Shamrocks
Created - Thursday, May 4, 2023 at 07:05
Goals
|
| Espoo Blues |
3 |
3 |
1 |
7 |
| Newfoundland Shamrocks |
1 |
1 |
0 |
2 |
|
Shots
|
| Espoo Blues |
12 |
17 |
17 |
46 |
| Newfoundland Shamrocks |
16 |
11 |
6 |
33 |
|
1st period
1. Espoo Blues , Derick Brassard 28 (Joe Snively 21, Stefan Noesen 38) at 12:21 (PP)
2. Espoo Blues , Stefan Noesen 30 (Derick Brassard 43) at 15:38 (PP)
3. Espoo Blues , Patric Hornqvist 12 (Fredrik Karlstrom 3) at 17:58
4. Newfoundland Shamrocks , Alex Chiasson 24 (Max Comtois 23, Raphael Lavoie 34) at 18:39 (PP)
Penalties :
Max Comtois (NFS) for Fighting (Major) at 0:39, Brendan Lemieux (ESP) for Fighting (Major) at 0:39, Cam York (ESP) for Tripping (Minor) at 4:27, Ville Heinola (NFS) for Hooking (Minor) at 11:49, Max Comtois (NFS) for Hooking (Minor) at 15:33, Derick Brassard (ESP) for High sticking (Minor) at 18:36
2nd period
5. Espoo Blues , Stefan Noesen 31 (Derick Brassard 44) at 9:14 (PP)
6. Espoo Blues , Stefan Noesen 32 (Derek Grant 20, Brendan Lemieux 13) at 9:39
7. Newfoundland Shamrocks , Filip Hallander 7 (Semyon Der-Arguchintsev 19, Sam Poulin 9) at 15:28
8. Espoo Blues , Stefan Noesen 33 (Derek Grant 21) at 17:45
Penalties :
Nicolas Deslauriers (NFS) for Fighting (Major) at 8:46, Gavin Bayreuther (ESP) for Fighting (Major) at 8:46, Alex Chiasson (NFS) for Holding (Minor) at 9:03, Michael Stone (ESP) for Hooking (Minor) at 11:10
3rd period
9. Espoo Blues , Derek Grant 19 (Brendan Lemieux 14, Cam York 12) at 9:19
Penalties :
Nicolas Deslauriers (NFS) for Fighting (Major) at 2:54, Stefan Noesen (ESP) for Fighting (Major) at 2:54, Patric Hornqvist (ESP) for Hooking (Minor) at 14:49, Max Comtois (NFS) for Interference (Minor) at 18:57
Goalie Stats
Spencer Knight (ESP), 31 saves from 33 shots - (0.939), W, 16-7-2, 60:00 minutes
Dustin Tokarski (NFS), 22 saves from 28 shots - (0.786), L, 7-11-1, 37:45 minutes
Louis Domingue (NFS), 17 saves from 18 shots - (0.944), 22:15 minutes
Players Stats for Espoo Blues
Player Name G A P +/- PIM S H SB GA TA FO MP PP MP PK MP
------------------------------------------------------------------------------------
Anton Blidh 0 0 0 0 0 0 2 1 0 1 0/0 12:10 0:00 0:00
Brendan Lemieux 0 2 2 3 5 6 3 1 0 1 0/1 16:18 0:22 0:03
Cam York 0 1 1 2 2 1 0 1 0 0 0/0 22:02 0:07 1:56
Chad Ruhwedel 0 0 0 2 0 0 3 3 0 2 0/0 21:47 0:07 3:26
Derek Grant 1 2 3 3 0 6 1 1 1 0 12/28 20:45 0:22 3:08
Derick Brassard 1 2 3 0 2 5 0 1 2 0 19/31 20:34 1:28 2:24
Fredrik Karlstrom 0 1 1 0 0 0 2 0 0 0 4/7 13:10 0:00 0:28
Gavin Bayreuther 0 0 0 0 5 0 1 0 0 0 0/0 12:14 0:00 0:33
Joe Snively 0 1 1 1 0 4 2 0 0 1 0/2 21:28 1:28 0:28
Logan O'Connor 0 0 0 0 0 3 3 1 1 0 0/0 18:56 0:00 3:08
Mattias Janmark 0 0 0 0 0 0 0 0 0 1 0/0 3:49 0:00 2:24
Mattias Samuelsson 0 0 0 1 0 0 0 1 0 1 0/0 27:03 1:43 2:49
Michael Stone 0 0 0 1 2 1 4 2 0 0 0/0 23:57 1:43 1:50
Patric Hornqvist 1 0 1 0 2 4 1 0 0 0 0/0 13:10 0:22 0:00
Ridly Greig 0 0 0 0 0 0 0 0 0 0 0/1 6:41 0:00 0:00
Stefan Noesen 4 1 5 2 5 10 3 0 3 0 1/4 20:03 1:28 0:00
Urho Vaakanainen 0 0 0 0 0 1 0 1 0 0 0/0 13:08 0:00 1:26
Viktor Lodin 0 0 0 0 0 5 0 0 0 0 1/2 6:41 0:00 0:00
Players Stats for Newfoundland Shamrocks
Player Name G A P +/- PIM S H SB GA TA FO MP PP MP PK MP
------------------------------------------------------------------------------------
Alec Regula 0 0 0 -1 0 0 1 1 0 1 0/0 16:23 0:00 0:31
Alex Chiasson 1 0 1 -1 2 4 2 0 0 1 0/1 20:23 2:45 0:00
Denis Gurianov 0 0 0 -1 0 6 1 0 0 1 1/2 21:03 2:34 0:00
Drew O'Connor 0 0 0 -1 0 1 2 0 1 0 0/3 14:21 0:05 1:34
Dylan Coghlan 0 0 0 -2 0 2 1 2 0 1 0/0 25:13 0:00 1:19
Filip Hallander 1 0 1 0 0 1 0 0 0 0 0/0 10:03 0:00 0:13
Jacob Bernard-Docker 0 0 0 0 0 0 0 2 0 0 0/0 14:48 2:56 0:00
Jon Merrill 0 0 0 -2 0 4 2 2 0 0 0/0 25:38 0:00 1:19
Max Comtois 0 1 1 -1 9 2 2 0 1 1 2/2 16:49 2:47 0:00
Nicolas Deslauriers 0 0 0 -1 10 0 0 1 1 0 0/0 13:50 2:24 0:16
Raphael Lavoie 0 1 1 -1 0 1 4 0 1 0 13/22 17:15 3:16 0:00
Riley Barber 0 0 0 -1 0 3 2 1 0 0 0/1 14:46 2:27 0:00
Sam Poulin 0 1 1 0 0 0 0 0 1 0 0/0 11:59 3:01 0:00
Sean Monahan 0 0 0 -2 0 5 1 1 1 0 17/35 25:25 1:01 1:37
Semyon Der-Arguchintsev 0 1 1 0 0 3 1 0 1 1 4/7 11:29 2:27 0:00
Tanner Laczynski 0 0 0 0 0 0 0 1 0 0 2/3 6:15 0:33 0:00
Ville Heinola 0 0 0 -1 2 1 2 1 0 1 0/0 19:27 3:04 0:00
Wyatte Wylie 0 0 0 0 0 0 1 0 0 0 0/0 12:56 0:40 0:31
3 Stars
1 - Stefan Noesen (ESP)
2 - Derek Grant (ESP)
3 - Derick Brassard (ESP)
Power Play
Espoo Blues - 3 on 4 Attempt(s) - 75.00%
Newfoundland Shamrocks - 1 on 4 Attempt(s) - 25.00%
Penalty Kill
Espoo Blues - 3 on 4 Attempt(s) - 75.00%
- Score 0 goal in Penalty Kill
Newfoundland Shamrocks - 1 on 4 Attempt(s) - 25.00%
- Score 0 goal in Penalty Kill
Team Stat
Espoo Blues - Hits : 25 - Faceoff Wins : 37 - Blocked Shots : 13 - Penalty Minutes : 23
Newfoundland Shamrocks - Hits : 22 - Faceoff Wins : 39 - Blocked Shots : 12 - Penalty Minutes : 23
Official
Referees : Francis Charron and Trevor Hanson
Linesman : John Grandt and Brad Kovachik
Game Notes
Brendan Lemieux beats up Max Comtois at 0:39 of 1st period
Nicolas Deslauriers and Gavin Bayreuther fight to a draw at 8:46 of 2nd period
Stefan Noesen has scored a Hat Trick!
Tanner Laczynski is injured at 13:26 of 2nd period (Strained Left Elbow)
Louis Domingue enters game at 17:45 of 2nd period
Nicolas Deslauriers and Stefan Noesen fight to a draw at 2:54 of 3rd period
Espoo Blues
5 vs 5 Forward
Center Left Wing Right Wing Time % Phy DF OF
1 Derick Brassard Joe Snively Logan O'Connor 37 1 1 2
2 Derek Grant Brendan Lemieux Stefan Noesen 36 1 2 2
3 Fredrik Karlstrom Anton Blidh Patric Hornqvist 22 1 2 2
4 Viktor Lodin Ridly Greig Stefan Noesen 5 1 2 2
5 vs 5 Defense
Defense Defense Time % Phy DF OF
1 Mattias Samuelsson Michael Stone 41 1 2 2
2 Chad Ruhwedel Cam York 32 1 2 2
3 Urho Vaakanainen Gavin Bayreuther 20 1 2 2
4 Mattias Samuelsson Cam York 7 1 2 2
PowerPlay Forward
Center Left Wing Right Wing Time % Phy DF OF
1 Derick Brassard Joe Snively Stefan Noesen 62 1 2 2
2 Derek Grant Brendan Lemieux Patric Hornqvist 38 1 2 2
PowerPlay Defense
Defense Defense Time % Phy DF OF
1 Mattias Samuelsson Michael Stone 60 1 2 2
2 Chad Ruhwedel Cam York 40 1 2 2
Penalty Kill 4 Players Forward
Center Wing Time % Phy DF OF
1 Derek Grant Logan O'Connor 60 1 2 2
2 Derick Brassard Mattias Janmark 40 1 2 2
Penalty Kill 4 Players Defense
Defense Defense Time % Phy DF OF
1 Mattias Samuelsson Michael Stone 60 1 2 2
2 Chad Ruhwedel Cam York 40 1 2 2
Penalty Kill - 3 Players Forward
Forward Time % Phy DF OF
1 Derek Grant 60 1 2 2
2 Derick Brassard 40 1 2 2
Penalty Kill - 3 Players Defense
Defense Defense Time % Phy DF OF
1 Mattias Samuelsson Michael Stone 60 1 2 2
2 Chad Ruhwedel Cam York 40 1 2 2
4 vs 4 Forward
Center Wing Time % Phy DF OF
1 Derek Grant Stefan Noesen 60 1 2 2
2 Derick Brassard Joe Snively 40 1 2 2
4 vs 4 Defense
Defense Defense Time % Phy DF OF
1 Mattias Samuelsson Michael Stone 60 1 2 2
2 Chad Ruhwedel Cam York 40 1 2 2
Last Minutes Offensive
Center Left Wing Right Wing Defense Defense
Derek Grant Joe Snively Stefan Noesen Mattias Samuelsson Michael Stone
Last Minutes Defensive
Center Left Wing Right Wing Defense Defense
Derek Grant Derick Brassard Logan O'Connor Mattias Samuelsson Michael Stone
Goaltenders
Starting : Spencer Knight
Backup : Stuart Skinner
Extra Forwards
Normal : Stefan Noesen, Joe Snively, Derick Brassard - PP : Stefan Noesen, Joe Snively - PK : Logan O'Connor
Extra Defensemen
Normal : Cam York, Mattias Samuelsson, Michael Stone - PP : Michael Stone - PK : Urho Vaakanainen, Gavin Bayreuther
Penalty Shots
Stefan Noesen, Patric Hornqvist, Joe Snively, Brendan Lemieux, Viktor Lodin
Newfoundland Shamrocks
5 vs 5 Forward
Center Left Wing Right Wing Time % Phy DF OF
1 Sean Monahan Denis Gurianov Alex Chiasson 40 1 2 2
2 Raphael Lavoie Max Comtois Nicolas Deslauriers 30 1 2 2
3 Tanner Laczynski Drew O'Connor Riley Barber 20 1 2 2
4 Semyon Der-Arguchintsev Filip Hallander Sam Poulin 10 1 2 2
5 vs 5 Defense
Defense Defense Time % Phy DF OF
1 Jon Merrill Dylan Coghlan 40 1 2 2
2 Alec Regula Ville Heinola 30 1 2 2
3 Jacob Bernard-Docker Wyatte Wylie 20 1 2 2
4 Jon Merrill Dylan Coghlan 10 1 2 2
PowerPlay Forward
Center Left Wing Right Wing Time % Phy DF OF
1 Raphael Lavoie Max Comtois Alex Chiasson 60 1 2 2
2 Semyon Der-Arguchintsev Denis Gurianov Riley Barber 40 1 2 2
PowerPlay Defense
Defense Defense Time % Phy DF OF
1 Sam Poulin Jacob Bernard-Docker 60 1 2 2
2 Nicolas Deslauriers Ville Heinola 40 1 2 2
Penalty Kill 4 Players Forward
Center Wing Time % Phy DF OF
1 Sean Monahan Drew O'Connor 60 1 2 2
2 Tanner Laczynski Filip Hallander 40 1 2 2
Penalty Kill 4 Players Defense
Defense Defense Time % Phy DF OF
1 Jon Merrill Dylan Coghlan 60 1 2 2
2 Wyatte Wylie Alec Regula 40 1 2 2
Penalty Kill - 3 Players Forward
Forward Time % Phy DF OF
1 Sean Monahan 60 1 2 2
2 Tanner Laczynski 40 1 2 2
Penalty Kill - 3 Players Defense
Defense Defense Time % Phy DF OF
1 Jon Merrill Dylan Coghlan 60 1 2 2
2 Alec Regula Wyatte Wylie 40 1 2 2
4 vs 4 Forward
Center Wing Time % Phy DF OF
1 Sean Monahan Alex Chiasson 60 1 2 2
2 Semyon Der-Arguchintsev Denis Gurianov 40 1 2 2
4 vs 4 Defense
Defense Defense Time % Phy DF OF
1 Jon Merrill Dylan Coghlan 60 1 2 2
2 Alec Regula Ville Heinola 40 1 2 2
Last Minutes Offensive
Center Left Wing Right Wing Defense Defense
Raphael Lavoie Max Comtois Sam Poulin Jon Merrill Alec Regula
Last Minutes Defensive
Center Left Wing Right Wing Defense Defense
Tanner Laczynski Alex Chiasson Nicolas Deslauriers Jon Merrill Alec Regula
Goaltenders
Starting : Dustin Tokarski
Backup : Louis Domingue
Extra Forwards
Normal : Max Comtois, Sean Monahan, Denis Gurianov - PP : Sean Monahan, Tanner Laczynski - PK : Nicolas Deslauriers
Extra Defensemen
Normal : Alec Regula, Jon Merrill, Dylan Coghlan - PP : Wyatte Wylie - PK : Ville Heinola, Jacob Bernard-Docker
Penalty Shots
Alex Chiasson, Max Comtois, Nicolas Deslauriers, Riley Barber, Filip Hallander
% Time on Ice - Espoo Blues
Lines # - Real PCT - Wanted PCT - Time Play
Normal Forward
1 - 31% - 37% - 16:18
2 - 33% - 36% - 17:01
3 - 23% - 22% - 12:10
4 - 13% - 5% - 6:41
Normal Defense
1 - 40% - 41% - 20:42
2 - 34% - 32% - 17:57
3 - 22% - 20% - 11:42
4 - 3% - 7% - 1:49
PP Forward
1 - 80% - 62% - 1:28
2 - 20% - 38% - 0:22
PP Defense
1 - 94% - 60% - 1:43
2 - 6% - 40% - 0:07
PK Forward
1 - 76% - 60% - 4:35
2 - 24% - 40% - 1:25
PK Defense
1 - 47% - 60% - 2:49
2 - 53% - 40% - 3:11
PK3 Forward
1 - 0% - 60%
2 - 0% - 40%
PK3 Defense
1 - 0% - 60%
2 - 0% - 40%
44 Forward
1 - 0% - 60%
2 - 0% - 40%
44 Defense
1 - 0% - 60%
2 - 0% - 40%
Last Minute Offensive - 0:00
Last Minute Defensive - 0:00
Total
Forward - 60:00
Defense - 60:00
|
% Time on Ice - Newfoundland Shamrocks
Lines # - Real PCT - Wanted PCT - Time Play
Normal Forward
1 - 33% - 40% - 16:58
2 - 26% - 30% - 13:36
3 - 24% - 20% - 12:45
4 - 17% - 10% - 8:51
Normal Defense
1 - 39% - 40% - 20:25
2 - 31% - 30% - 16:24
3 - 23% - 20% - 11:45
4 - 7% - 10% - 3:36
PP Forward
1 - 59% - 60% - 3:33
2 - 41% - 40% - 2:27
PP Defense
1 - 49% - 60% - 2:56
2 - 51% - 40% - 3:04
PK Forward
1 - 88% - 60% - 1:37
2 - 12% - 40% - 0:13
PK Defense
1 - 72% - 60% - 1:19
2 - 28% - 40% - 0:31
PK3 Forward
1 - 0% - 60%
2 - 0% - 40%
PK3 Defense
1 - 0% - 60%
2 - 0% - 40%
44 Forward
1 - 0% - 60%
2 - 0% - 40%
44 Defense
1 - 0% - 60%
2 - 0% - 40%
Last Minute Offensive - 0:00
Last Minute Defensive - 0:00
Total
Forward - 60:00
Defense - 60:00
|
Play-by-Play
1st period
0:01 of 1st period - Sean Monahan wins face-off versus Derick Brassard in neutral zone.
0:03 of 1st period - Off-side.
0:04 of 1st period - Derick Brassard wins face-off versus Sean Monahan in neutral zone.
0:28 of 1st period - Off-side.
0:29 of 1st period - Raphael Lavoie wins face-off versus Derek Grant in neutral zone.
0:39 of 1st period - Brendan Lemieux beats up Max Comtois.
0:39 of 1st period - Penalty to Max Comtois for Fighting.
0:39 of 1st period - Penalty to Brendan Lemieux for Fighting.
0:40 of 1st period - Tanner Laczynski wins face-off versus Fredrik Karlstrom in Newfoundland Shamrocks zone.
0:55 of 1st period - Snap shot by Anton Blidh.
0:55 of 1st period - Shot Blocked by Jacob Bernard-Docker.
1:46 of 1st period - Snap shot by Patric Hornqvist.
1:46 of 1st period - Shot Misses the Net.
1:57 of 1st period - Icing by Alex Chiasson.
1:58 of 1st period - Viktor Lodin wins face-off versus Tanner Laczynski in Newfoundland Shamrocks zone.
2:11 of 1st period - Slapshot by Stefan Noesen.
2:11 of 1st period - Stopped by Dustin Tokarski with a rebound.
2:43 of 1st period - Snap shot by Semyon Der-Arguchintsev.
2:43 of 1st period - Stopped by Spencer Knight without a rebound.
2:44 of 1st period - Semyon Der-Arguchintsev wins face-off versus Derek Grant in Espoo Blues zone.
2:57 of 1st period - Wrist shot by Semyon Der-Arguchintsev.
2:57 of 1st period - Shot Misses the Net.
2:59 of 1st period - Backhand shot by Jon Merrill.
2:59 of 1st period - Stopped by Spencer Knight without a rebound.
3:00 of 1st period - Sean Monahan wins face-off versus Derick Brassard in Espoo Blues zone.
3:01 of 1st period - Wrist shot by Denis Gurianov.
3:01 of 1st period - Shot Misses the Net.
3:03 of 1st period - Snap shot by Alex Chiasson.
3:03 of 1st period - Stopped by Spencer Knight without a rebound.
3:04 of 1st period - Derick Brassard wins face-off versus Sean Monahan in Espoo Blues zone.
3:09 of 1st period - Dylan Coghlan is hit by Michael Stone and loses puck.
4:02 of 1st period - Fredrik Karlstrom is hit by Wyatte Wylie and loses puck.
4:11 of 1st period - Drew O'Connor is hit by Fredrik Karlstrom and loses puck.
4:27 of 1st period - Minor Penalty to Cam York for Tripping.
4:28 of 1st period - Derek Grant wins face-off versus Alex Chiasson in Espoo Blues zone.
4:54 of 1st period - Semyon Der-Arguchintsev is hit by Chad Ruhwedel and loses puck.
5:39 of 1st period - Penalty to Brendan Lemieux is over, Brendan Lemieux is back on ice.
6:27 of 1st period - Penalty to Cam York is over, Cam York is back on ice.
6:54 of 1st period - Anton Blidh is hit by Jon Merrill.
7:57 of 1st period - Snap shot by Stefan Noesen.
7:57 of 1st period - Stopped by Dustin Tokarski with a rebound.
8:42 of 1st period - Icing by Jacob Bernard-Docker.
8:43 of 1st period - Tanner Laczynski wins face-off versus Fredrik Karlstrom in Newfoundland Shamrocks zone.
9:39 of 1st period - Wrist shot by Semyon Der-Arguchintsev.
9:39 of 1st period - Stopped by Spencer Knight without a rebound.
9:40 of 1st period - Semyon Der-Arguchintsev wins face-off versus Viktor Lodin in Espoo Blues zone.
10:05 of 1st period - Mattias Samuelsson is hit by Jon Merrill and loses puck.
10:30 of 1st period - Snap shot by Patric Hornqvist.
10:30 of 1st period - Shot Misses the Net.
11:00 of 1st period - Wrist shot by Sean Monahan.
11:00 of 1st period - Stopped by Spencer Knight without a rebound.
11:01 of 1st period - Sean Monahan wins face-off versus Derick Brassard in Espoo Blues zone.
11:08 of 1st period - Snap shot by Denis Gurianov.
11:08 of 1st period - Stopped by Spencer Knight with a rebound.
11:14 of 1st period - Wrist shot by Derick Brassard.
11:14 of 1st period - Stopped by Dustin Tokarski with a rebound.
11:36 of 1st period - Snap shot by Patric Hornqvist.
11:36 of 1st period - Deflect By Alex Chiasson.
11:36 of 1st period - Shot Blocked by Dylan Coghlan.
11:36 of 1st period - Puck is out of play.
11:37 of 1st period - Raphael Lavoie wins face-off versus Derek Grant in Newfoundland Shamrocks zone.
11:49 of 1st period - Minor Penalty to Ville Heinola for Hooking.
11:50 of 1st period - Sean Monahan wins face-off versus Joe Snively in Newfoundland Shamrocks zone.
12:02 of 1st period - Sean Monahan is hit by Joe Snively.
12:19 of 1st period - Wrist shot by Joe Snively.
12:19 of 1st period - Shot Misses the Net.
12:21 of 1st period - Wrist shot by Derick Brassard.
12:21 of 1st period - Goal by Derick Brassard - Espoo Blues : 1 - Newfoundland Shamrocks : 0.
12:22 of 1st period - Sean Monahan wins face-off versus Derek Grant in neutral zone.
12:34 of 1st period - Snap shot by Denis Gurianov.
12:34 of 1st period - Shot Misses the Net.
12:58 of 1st period - Icing by Michael Stone.
12:59 of 1st period - Derick Brassard wins face-off versus Raphael Lavoie in Espoo Blues zone.
13:16 of 1st period - Wrist shot by Derick Brassard.
13:16 of 1st period - Shot Misses the Net.
13:18 of 1st period - Wrist shot by Logan O'Connor.
13:18 of 1st period - Stopped by Dustin Tokarski with a rebound.
13:20 of 1st period - Wrist shot by Logan O'Connor.
13:20 of 1st period - Shot Blocked by Alec Regula.
13:22 of 1st period - Slapshot by Michael Stone.
13:22 of 1st period - Deflect By Logan O'Connor.
13:22 of 1st period - Shot Misses the Net.
13:22 of 1st period - Puck is out of play.
13:23 of 1st period - Stefan Noesen wins face-off versus Sean Monahan in Newfoundland Shamrocks zone.
13:24 of 1st period - Snap shot by Derek Grant.
13:24 of 1st period - Stopped by Dustin Tokarski with a rebound.
13:32 of 1st period - Slapshot by Denis Gurianov.
13:32 of 1st period - Stopped by Spencer Knight with a rebound.
13:34 of 1st period - Slapshot by Jon Merrill.
13:34 of 1st period - Stopped by Spencer Knight without a rebound.
13:35 of 1st period - Sean Monahan wins face-off versus Derek Grant in Espoo Blues zone.
13:38 of 1st period - Snap shot by Denis Gurianov.
13:38 of 1st period - Stopped by Spencer Knight without a rebound.
13:39 of 1st period - Sean Monahan wins face-off versus Stefan Noesen in Espoo Blues zone.
13:40 of 1st period - Wrist shot by Denis Gurianov.
13:40 of 1st period - Shot Blocked by Cam York.
14:24 of 1st period - Snap shot by Tanner Laczynski.
14:24 of 1st period - Shot Blocked by Anton Blidh.
14:26 of 1st period - Snap shot by Riley Barber.
14:26 of 1st period - Stopped by Spencer Knight with a rebound.
14:32 of 1st period - Snap shot by Drew O'Connor.
14:32 of 1st period - Stopped by Spencer Knight with a rebound.
14:34 of 1st period - Snap shot by Dylan Coghlan.
14:34 of 1st period - Shot Blocked by Michael Stone.
15:24 of 1st period - Nicolas Deslauriers is hit by Stefan Noesen.
15:33 of 1st period - Minor Penalty to Max Comtois for Hooking.
15:34 of 1st period - Derick Brassard wins face-off versus Sean Monahan in Newfoundland Shamrocks zone.
15:38 of 1st period - Slapshot by Stefan Noesen.
15:38 of 1st period - Goal by Stefan Noesen - Espoo Blues : 2 - Newfoundland Shamrocks : 0.
15:39 of 1st period - Sean Monahan wins face-off versus Derek Grant in neutral zone.
15:46 of 1st period - Slapshot by Sean Monahan.
15:46 of 1st period - Stopped by Spencer Knight without a rebound.
15:47 of 1st period - Sean Monahan wins face-off versus Derek Grant in Espoo Blues zone.
15:50 of 1st period - Snap shot by Denis Gurianov.
15:50 of 1st period - Shot Misses the Net.
15:52 of 1st period - Wrist shot by Alex Chiasson.
15:52 of 1st period - Stopped by Spencer Knight without a rebound.
15:53 of 1st period - Sean Monahan wins face-off versus Derek Grant in Espoo Blues zone.
16:02 of 1st period - Slapshot by Derek Grant.
16:02 of 1st period - Stopped by Dustin Tokarski with a rebound.
16:04 of 1st period - Slapshot by Mattias Samuelsson.
16:04 of 1st period - Deflect By Brendan Lemieux.
16:04 of 1st period - Stopped by Dustin Tokarski with a rebound.
16:06 of 1st period - Wrist shot by Brendan Lemieux.
16:06 of 1st period - Stopped by Dustin Tokarski without a rebound.
16:07 of 1st period - Raphael Lavoie wins face-off versus Derick Brassard in Newfoundland Shamrocks zone.
16:32 of 1st period - Chad Ruhwedel is hit by Sean Monahan.
16:57 of 1st period - Snap shot by Drew O'Connor.
16:57 of 1st period - Deflect By Riley Barber.
16:57 of 1st period - Shot Misses the Net.
16:57 of 1st period - Puck is out of play.
16:58 of 1st period - Derick Brassard wins face-off versus Riley Barber in Espoo Blues zone.
17:03 of 1st period - Snap shot by Riley Barber.
17:03 of 1st period - Stopped by Spencer Knight without a rebound.
17:04 of 1st period - Sean Monahan wins face-off versus Derick Brassard in Espoo Blues zone.
17:37 of 1st period - Wrist shot by Max Comtois.
17:37 of 1st period - Stopped by Spencer Knight with a rebound.
17:43 of 1st period - Nicolas Deslauriers is hit by Michael Stone and loses puck.
17:56 of 1st period - Snap shot by Patric Hornqvist.
17:56 of 1st period - Shot Blocked by Nicolas Deslauriers.
17:58 of 1st period - Snap shot by Patric Hornqvist.
17:58 of 1st period - Goal by Patric Hornqvist - Espoo Blues : 3 - Newfoundland Shamrocks : 0.
17:59 of 1st period - Derek Grant wins face-off versus Sean Monahan in neutral zone.
18:06 of 1st period - Snap shot by Derek Grant.
18:06 of 1st period - Shot Misses the Net.
18:12 of 1st period - Jon Merrill is hit by Stefan Noesen and loses puck.
18:25 of 1st period - Raphael Lavoie is hit by Logan O'Connor.
18:36 of 1st period - Minor Penalty to Derick Brassard for High sticking.
18:37 of 1st period - Raphael Lavoie wins face-off versus Derek Grant in Espoo Blues zone.
18:39 of 1st period - Slapshot by Alex Chiasson.
18:39 of 1st period - Goal by Alex Chiasson - Espoo Blues : 3 - Newfoundland Shamrocks : 1.
18:40 of 1st period - Derick Brassard wins face-off versus Sean Monahan in neutral zone.
19:05 of 1st period - Sean Monahan is hit by Chad Ruhwedel and loses puck.
19:18 of 1st period - Snap shot by Sean Monahan.
19:18 of 1st period - Deflect By Denis Gurianov.
19:18 of 1st period - Deflect By Cam York.
19:18 of 1st period - Shot Hit the Post.
19:18 of 1st period - Puck is out of play.
19:19 of 1st period - Derek Grant wins face-off versus Raphael Lavoie in Espoo Blues zone.
19:19 of 1st period - Stefan Noesen is hit by Max Comtois and loses puck.
19:30 of 1st period - Wrist shot by Brendan Lemieux.
19:30 of 1st period - Stopped by Dustin Tokarski with a rebound.
Goals for this period are 3 for Espoo Blues vs 1 for Newfoundland Shamrocks.
Shots for this period are 12 for Espoo Blues vs 16 for Newfoundland Shamrocks.
2nd period
0:01 of 2nd period - Sean Monahan wins face-off versus Derek Grant in neutral zone.
0:06 of 2nd period - Slapshot by Denis Gurianov.
0:06 of 2nd period - Shot Blocked by Michael Stone.
0:08 of 2nd period - Slapshot by Jon Merrill.
0:08 of 2nd period - Shot Misses the Net.
0:10 of 2nd period - Slapshot by Jon Merrill.
0:10 of 2nd period - Shot Misses the Net.
0:12 of 2nd period - Wrist shot by Alex Chiasson.
0:12 of 2nd period - Shot Blocked by Brendan Lemieux.
0:33 of 2nd period - Backhand shot by Brendan Lemieux.
0:33 of 2nd period - Deflect By Stefan Noesen.
0:33 of 2nd period - Stopped by Dustin Tokarski without a rebound.
0:34 of 2nd period - Raphael Lavoie wins face-off versus Derick Brassard in Newfoundland Shamrocks zone.
0:43 of 2nd period - Snap shot by Max Comtois.
0:43 of 2nd period - Shot Blocked by Derick Brassard.
1:03 of 2nd period - Alex Chiasson is hit by Chad Ruhwedel and loses puck.
1:59 of 2nd period - Wrist shot by Denis Gurianov.
1:59 of 2nd period - Stopped by Spencer Knight with a rebound.
2:39 of 2nd period - Snap shot by Derek Grant.
2:39 of 2nd period - Shot Blocked by Jon Merrill.
3:55 of 2nd period - Icing by Semyon Der-Arguchintsev.
3:56 of 2nd period - Fredrik Karlstrom wins face-off versus Raphael Lavoie in Newfoundland Shamrocks zone.
4:14 of 2nd period - Fredrik Karlstrom is hit by Raphael Lavoie and loses puck.
4:25 of 2nd period - Denis Gurianov is hit by Logan O'Connor and loses puck.
5:06 of 2nd period - Slapshot by Viktor Lodin.
5:06 of 2nd period - Stopped by Dustin Tokarski without a rebound.
5:07 of 2nd period - Semyon Der-Arguchintsev wins face-off versus Ridly Greig in Newfoundland Shamrocks zone.
5:36 of 2nd period - Slapshot by Patric Hornqvist.
5:36 of 2nd period - Stopped by Dustin Tokarski without a rebound.
5:37 of 2nd period - Sean Monahan wins face-off versus Derick Brassard in Newfoundland Shamrocks zone.
5:44 of 2nd period - Snap shot by Sean Monahan.
5:44 of 2nd period - Stopped by Spencer Knight without a rebound.
5:45 of 2nd period - Sean Monahan wins face-off versus Derick Brassard in Espoo Blues zone.
6:00 of 2nd period - Slapshot by Sean Monahan.
6:00 of 2nd period - Shot Blocked by Logan O'Connor.
6:10 of 2nd period - Slapshot by Logan O'Connor.
6:10 of 2nd period - Stopped by Dustin Tokarski with a rebound.
6:12 of 2nd period - Slapshot by Gavin Bayreuther.
6:12 of 2nd period - Shot Blocked by Ville Heinola.
6:14 of 2nd period - Wrist shot by Derick Brassard.
6:14 of 2nd period - Deflect By Alec Regula.
6:14 of 2nd period - Shot Misses the Net.
6:14 of 2nd period - Puck is out of play.
6:15 of 2nd period - Raphael Lavoie wins face-off versus Derek Grant in Newfoundland Shamrocks zone.
6:15 of 2nd period - Raphael Lavoie is hit by Gavin Bayreuther.
6:22 of 2nd period - Icing by Dylan Coghlan.
6:23 of 2nd period - Raphael Lavoie wins face-off versus Stefan Noesen in Newfoundland Shamrocks zone.
6:34 of 2nd period - Snap shot by Stefan Noesen.
6:34 of 2nd period - Shot Blocked by Dylan Coghlan.
6:36 of 2nd period - Snap shot by Derek Grant.
6:36 of 2nd period - Stopped by Dustin Tokarski without a rebound.
6:37 of 2nd period - Derick Brassard wins face-off versus Sean Monahan in Newfoundland Shamrocks zone.
6:48 of 2nd period - Wrist shot by Derick Brassard.
6:48 of 2nd period - Shot Misses the Net.
7:02 of 2nd period - Max Comtois is hit by Brendan Lemieux and loses puck.
7:09 of 2nd period - Slapshot by Derek Grant.
7:09 of 2nd period - Stopped by Dustin Tokarski without a rebound.
7:10 of 2nd period - Sean Monahan wins face-off versus Derek Grant in Newfoundland Shamrocks zone.
7:20 of 2nd period - Slapshot by Sean Monahan.
7:20 of 2nd period - Shot Misses the Net.
7:22 of 2nd period - Slapshot by Alex Chiasson.
7:22 of 2nd period - Stopped by Spencer Knight with a rebound.
7:24 of 2nd period - Snap shot by Ville Heinola.
7:24 of 2nd period - Stopped by Spencer Knight without a rebound.
7:25 of 2nd period - Derick Brassard wins face-off versus Raphael Lavoie in Espoo Blues zone.
7:32 of 2nd period - Snap shot by Max Comtois.
7:32 of 2nd period - Stopped by Spencer Knight with a rebound.
7:34 of 2nd period - Wrist shot by Raphael Lavoie.
7:34 of 2nd period - Stopped by Spencer Knight with a rebound.
7:36 of 2nd period - Slapshot by Dylan Coghlan.
7:36 of 2nd period - Stopped by Spencer Knight with a rebound.
7:52 of 2nd period - Jon Merrill is hit by Brendan Lemieux.
8:18 of 2nd period - Anton Blidh is hit by Drew O'Connor and loses puck.
8:34 of 2nd period - Off-side.
8:35 of 2nd period - Derick Brassard wins face-off versus Raphael Lavoie in neutral zone.
8:40 of 2nd period - Jon Merrill is hit by Logan O'Connor and loses puck.
8:46 of 2nd period - Nicolas Deslauriers and Gavin Bayreuther fight to a draw.
8:46 of 2nd period - Penalty to Nicolas Deslauriers for Fighting.
8:46 of 2nd period - Penalty to Gavin Bayreuther for Fighting.
8:47 of 2nd period - Derek Grant wins face-off versus Sean Monahan in neutral zone.
8:49 of 2nd period - Off-side.
8:50 of 2nd period - Derek Grant wins face-off versus Sean Monahan in neutral zone.
9:03 of 2nd period - Minor Penalty to Alex Chiasson for Holding.
9:04 of 2nd period - Derick Brassard wins face-off versus Drew O'Connor in Newfoundland Shamrocks zone.
9:04 of 2nd period - Slapshot by Stefan Noesen.
9:04 of 2nd period - Stopped by Dustin Tokarski with a rebound.
9:06 of 2nd period - Backhand shot by Michael Stone.
9:06 of 2nd period - Stopped by Dustin Tokarski with a rebound.
9:08 of 2nd period - Slapshot by Mattias Samuelsson.
9:08 of 2nd period - Deflect By Stefan Noesen.
9:08 of 2nd period - Stopped by Dustin Tokarski with a rebound.
9:10 of 2nd period - Snap shot by Derick Brassard.
9:10 of 2nd period - Shot Misses the Net.
9:12 of 2nd period - Snap shot by Derick Brassard.
9:12 of 2nd period - Stopped by Dustin Tokarski without a rebound.
9:13 of 2nd period - Derick Brassard wins face-off versus Sean Monahan in Newfoundland Shamrocks zone.
9:14 of 2nd period - Snap shot by Stefan Noesen.
9:14 of 2nd period - Goal by Stefan Noesen - Espoo Blues : 4 - Newfoundland Shamrocks : 1.
9:15 of 2nd period - Derick Brassard wins face-off versus Sean Monahan in neutral zone.
9:27 of 2nd period - Off-side.
9:28 of 2nd period - Derek Grant wins face-off versus Sean Monahan in neutral zone.
9:33 of 2nd period - Slapshot by Derek Grant.
9:33 of 2nd period - Shot Misses the Net.
9:35 of 2nd period - Backhand shot by Brendan Lemieux.
9:35 of 2nd period - Stopped by Dustin Tokarski with a rebound.
9:39 of 2nd period - Backhand shot by Stefan Noesen.
9:39 of 2nd period - Goal by Stefan Noesen - Espoo Blues : 5 - Newfoundland Shamrocks : 1.
9:40 of 2nd period - Derick Brassard wins face-off versus Sean Monahan in neutral zone.
9:43 of 2nd period - Denis Gurianov is hit by Joe Snively and loses puck.
10:33 of 2nd period - Wrist shot by Denis Gurianov.
10:33 of 2nd period - Shot Misses the Net.
10:45 of 2nd period - Michael Stone is hit by Dylan Coghlan and loses puck.
11:08 of 2nd period - Snap shot by Max Comtois.
11:08 of 2nd period - Shot Misses the Net.
11:10 of 2nd period - Minor Penalty to Michael Stone for Hooking.
11:11 of 2nd period - Derek Grant wins face-off versus Raphael Lavoie in Espoo Blues zone.
11:40 of 2nd period - Icing by Sam Poulin.
11:41 of 2nd period - Derek Grant wins face-off versus Semyon Der-Arguchintsev in Newfoundland Shamrocks zone.
13:10 of 2nd period - Penalty to Michael Stone is over, Michael Stone is back on ice.
13:26 of 2nd period - Slapshot by Viktor Lodin.
13:26 of 2nd period - Shot Blocked by Tanner Laczynski.
13:26 of 2nd period - Tanner Laczynski from Newfoundland Shamrocks is injured at 13:26 of 2nd period (Strained Left Elbow).
13:27 of 2nd period - Derek Grant wins face-off versus Raphael Lavoie in Newfoundland Shamrocks zone.
13:33 of 2nd period - Off-side.
13:34 of 2nd period - Derek Grant wins face-off versus Raphael Lavoie in neutral zone.
13:43 of 2nd period - Dylan Coghlan is hit by Brendan Lemieux and loses puck.
14:08 of 2nd period - Raphael Lavoie is hit by Stefan Noesen and loses puck.
14:54 of 2nd period - Snap shot by Sean Monahan.
14:54 of 2nd period - Stopped by Spencer Knight with a rebound.
14:56 of 2nd period - Wrist shot by Sean Monahan.
14:56 of 2nd period - Stopped by Spencer Knight without a rebound.
14:57 of 2nd period - Derick Brassard wins face-off versus Drew O'Connor in Espoo Blues zone.
14:57 of 2nd period - Derick Brassard is hit by Denis Gurianov.
15:28 of 2nd period - Snap shot by Filip Hallander.
15:28 of 2nd period - Goal by Filip Hallander - Espoo Blues : 5 - Newfoundland Shamrocks : 2.
15:29 of 2nd period - Denis Gurianov wins face-off versus Derick Brassard in neutral zone.
15:55 of 2nd period - Mattias Samuelsson is hit by Ville Heinola and loses puck.
16:34 of 2nd period - Wrist shot by Derick Brassard.
16:34 of 2nd period - Shot Misses the Net.
16:36 of 2nd period - Slapshot by Gavin Bayreuther.
16:36 of 2nd period - Shot Blocked by Sean Monahan.
17:14 of 2nd period - Patric Hornqvist is hit by Raphael Lavoie and loses puck.
17:33 of 2nd period - Slapshot by Logan O'Connor.
17:33 of 2nd period - Stopped by Dustin Tokarski with a rebound.
17:35 of 2nd period - Wrist shot by Derick Brassard.
17:35 of 2nd period - Stopped by Dustin Tokarski with a rebound.
17:45 of 2nd period - Snap shot by Stefan Noesen.
17:45 of 2nd period - Goal by Stefan Noesen - Espoo Blues : 6 - Newfoundland Shamrocks : 2.
17:45 of 2nd period - Louis Domingue enters game.
17:46 of 2nd period - Derick Brassard wins face-off versus Sean Monahan in neutral zone.
17:53 of 2nd period - Snap shot by Denis Gurianov.
17:53 of 2nd period - Stopped by Spencer Knight with a rebound.
18:13 of 2nd period - Wrist shot by Anton Blidh.
18:13 of 2nd period - Shot Blocked by Jon Merrill.
18:23 of 2nd period - Jon Merrill is hit by Anton Blidh and loses puck.
18:42 of 2nd period - Wrist shot by Stefan Noesen.
18:42 of 2nd period - Stopped by Louis Domingue without a rebound.
18:43 of 2nd period - Raphael Lavoie wins face-off versus Derick Brassard in Newfoundland Shamrocks zone.
18:43 of 2nd period - Raphael Lavoie is hit by Michael Stone.
18:49 of 2nd period - Joe Snively is hit by Raphael Lavoie and loses puck.
19:10 of 2nd period - Wyatte Wylie is hit by Derek Grant and loses puck.
19:19 of 2nd period - Snap shot by Derek Grant.
19:19 of 2nd period - Shot Blocked by Jacob Bernard-Docker.
19:29 of 2nd period - Chad Ruhwedel is hit by Semyon Der-Arguchintsev.
Goals for this period are 3 for Espoo Blues vs 1 for Newfoundland Shamrocks.
Shots for this period are 17 for Espoo Blues vs 11 for Newfoundland Shamrocks.
3rd period
0:01 of 3rd period - Sean Monahan wins face-off versus Derick Brassard in neutral zone.
0:04 of 3rd period - Snap shot by Sean Monahan.
0:04 of 3rd period - Deflect By Alex Chiasson.
0:04 of 3rd period - Shot Misses the Net.
0:04 of 3rd period - Puck is out of play.
0:05 of 3rd period - Derick Brassard wins face-off versus Sean Monahan in Espoo Blues zone.
0:09 of 3rd period - Off-side.
0:10 of 3rd period - Derick Brassard wins face-off versus Denis Gurianov in neutral zone.
0:19 of 3rd period - Wrist shot by Sean Monahan.
0:19 of 3rd period - Shot Blocked by Mattias Samuelsson.
0:21 of 3rd period - Slapshot by Dylan Coghlan.
0:21 of 3rd period - Deflect By Logan O'Connor.
0:21 of 3rd period - Stopped by Spencer Knight with a rebound.
1:05 of 3rd period - Michael Stone is hit by Alex Chiasson and loses puck.
1:50 of 3rd period - Wrist shot by Denis Gurianov.
1:50 of 3rd period - Stopped by Spencer Knight with a rebound.
1:52 of 3rd period - Slapshot by Jon Merrill.
1:52 of 3rd period - Stopped by Spencer Knight without a rebound.
1:53 of 3rd period - Raphael Lavoie wins face-off versus Derek Grant in Espoo Blues zone.
2:08 of 3rd period - Wrist shot by Nicolas Deslauriers.
2:08 of 3rd period - Shot Blocked by Derek Grant.
2:18 of 3rd period - Patric Hornqvist is hit by Riley Barber.
2:42 of 3rd period - Wrist shot by Viktor Lodin.
2:42 of 3rd period - Stopped by Louis Domingue without a rebound.
2:43 of 3rd period - Semyon Der-Arguchintsev wins face-off versus Fredrik Karlstrom in Newfoundland Shamrocks zone.
2:53 of 3rd period - Off-side.
2:54 of 3rd period - Raphael Lavoie wins face-off versus Stefan Noesen in neutral zone.
2:54 of 3rd period - Nicolas Deslauriers and Stefan Noesen fight to a draw.
2:54 of 3rd period - Penalty to Nicolas Deslauriers for Fighting.
2:54 of 3rd period - Penalty to Stefan Noesen for Fighting.
2:55 of 3rd period - Raphael Lavoie wins face-off versus Brendan Lemieux in neutral zone.
3:12 of 3rd period - Max Comtois is hit by Michael Stone and loses puck.
4:04 of 3rd period - Icing by Sam Poulin.
4:05 of 3rd period - Raphael Lavoie wins face-off versus Joe Snively in Newfoundland Shamrocks zone.
4:10 of 3rd period - Slapshot by Jon Merrill.
4:10 of 3rd period - Stopped by Spencer Knight with a rebound.
4:18 of 3rd period - Wrist shot by Sean Monahan.
4:18 of 3rd period - Shot Blocked by Chad Ruhwedel.
4:50 of 3rd period - Mattias Samuelsson is hit by Alec Regula and loses puck.
4:55 of 3rd period - Slapshot by Filip Hallander.
4:55 of 3rd period - Shot Misses the Net.
5:01 of 3rd period - Wrist shot by Semyon Der-Arguchintsev.
5:01 of 3rd period - Stopped by Spencer Knight without a rebound.
5:02 of 3rd period - Sean Monahan wins face-off versus Derek Grant in Espoo Blues zone.
5:40 of 3rd period - Snap shot by Viktor Lodin.
5:40 of 3rd period - Stopped by Louis Domingue with a rebound.
5:42 of 3rd period - Slapshot by Gavin Bayreuther.
5:42 of 3rd period - Shot Misses the Net.
5:54 of 3rd period - Ville Heinola is hit by Patric Hornqvist and loses puck.
6:52 of 3rd period - Off-side.
6:53 of 3rd period - Fredrik Karlstrom wins face-off versus Sean Monahan in neutral zone.
7:20 of 3rd period - Derek Grant is hit by Drew O'Connor and loses puck.
7:41 of 3rd period - Snap shot by Sean Monahan.
7:41 of 3rd period - Shot Blocked by Chad Ruhwedel.
8:01 of 3rd period - Wrist shot by Riley Barber.
8:01 of 3rd period - Stopped by Spencer Knight with a rebound.
8:09 of 3rd period - Wrist shot by Riley Barber.
8:09 of 3rd period - Shot Misses the Net.
8:19 of 3rd period - Snap shot by Brendan Lemieux.
8:19 of 3rd period - Stopped by Louis Domingue with a rebound.
8:21 of 3rd period - Slapshot by Cam York.
8:21 of 3rd period - Deflect By Joe Snively.
8:21 of 3rd period - Stopped by Louis Domingue with a rebound.
8:53 of 3rd period - Snap shot by Derek Grant.
8:53 of 3rd period - Shot Blocked by Riley Barber.
9:03 of 3rd period - Snap shot by Derek Grant.
9:03 of 3rd period - Shot Misses the Net.
9:05 of 3rd period - Wrist shot by Brendan Lemieux.
9:05 of 3rd period - Stopped by Louis Domingue with a rebound.
9:19 of 3rd period - Snap shot by Brendan Lemieux.
9:19 of 3rd period - Deflect By Derek Grant.
9:19 of 3rd period - Goal by Derek Grant - Espoo Blues : 7 - Newfoundland Shamrocks : 2.
9:20 of 3rd period - Fredrik Karlstrom wins face-off versus Raphael Lavoie in neutral zone.
10:02 of 3rd period - Wrist shot by Stefan Noesen.
10:02 of 3rd period - Shot Misses the Net.
10:33 of 3rd period - Icing by Derick Brassard.
10:34 of 3rd period - Raphael Lavoie wins face-off versus Derick Brassard in Espoo Blues zone.
10:51 of 3rd period - Fredrik Karlstrom is hit by Raphael Lavoie and loses puck.
11:08 of 3rd period - Slapshot by Stefan Noesen.
11:08 of 3rd period - Shot Misses the Net.
11:10 of 3rd period - Slapshot by Viktor Lodin.
11:10 of 3rd period - Stopped by Louis Domingue with a rebound.
11:39 of 3rd period - Jon Merrill is hit by Anton Blidh and loses puck.
12:12 of 3rd period - Derick Brassard is hit by Ville Heinola and loses puck.
12:47 of 3rd period - Slapshot by Fredrik Karlstrom.
12:47 of 3rd period - Shot Misses the Net.
13:11 of 3rd period - Wrist shot by Joe Snively.
13:11 of 3rd period - Stopped by Louis Domingue with a rebound.
13:13 of 3rd period - Slapshot by Joe Snively.
13:13 of 3rd period - Stopped by Louis Domingue with a rebound.
13:15 of 3rd period - Slapshot by Urho Vaakanainen.
13:15 of 3rd period - Stopped by Louis Domingue without a rebound.
13:16 of 3rd period - Fredrik Karlstrom wins face-off versus Semyon Der-Arguchintsev in Newfoundland Shamrocks zone.
13:48 of 3rd period - Off-side.
13:49 of 3rd period - Derek Grant wins face-off versus Drew O'Connor in neutral zone.
13:56 of 3rd period - Wrist shot by Derek Grant.
13:56 of 3rd period - Stopped by Louis Domingue with a rebound.
13:58 of 3rd period - Snap shot by Brendan Lemieux.
13:58 of 3rd period - Shot Misses the Net.
14:16 of 3rd period - Cam York is hit by Alex Chiasson and loses puck.
14:38 of 3rd period - Wyatte Wylie is hit by Fredrik Karlstrom and loses puck.
14:49 of 3rd period - Minor Penalty to Patric Hornqvist for Hooking.
14:50 of 3rd period - Max Comtois wins face-off versus Derek Grant in Espoo Blues zone.
15:28 of 3rd period - Snap shot by Riley Barber.
15:28 of 3rd period - Shot Blocked by Chad Ruhwedel.
15:42 of 3rd period - Cam York is hit by Max Comtois and loses puck.
16:17 of 3rd period - Mattias Samuelsson is hit by Riley Barber and loses puck.
16:49 of 3rd period - Penalty to Patric Hornqvist is over, Patric Hornqvist is back on ice.
17:08 of 3rd period - Wrist shot by Patric Hornqvist.
17:08 of 3rd period - Stopped by Louis Domingue with a rebound.
17:10 of 3rd period - Slapshot by Cam York.
17:10 of 3rd period - Stopped by Louis Domingue with a rebound.
17:20 of 3rd period - Snap shot by Joe Snively.
17:20 of 3rd period - Deflect By Patric Hornqvist.
17:20 of 3rd period - Stopped by Louis Domingue without a rebound.
17:21 of 3rd period - Derek Grant wins face-off versus Semyon Der-Arguchintsev in Newfoundland Shamrocks zone.
17:41 of 3rd period - Snap shot by Stefan Noesen.
17:41 of 3rd period - Deflect By Viktor Lodin.
17:41 of 3rd period - Stopped by Louis Domingue with a rebound.
17:57 of 3rd period - Wrist shot by Logan O'Connor.
17:57 of 3rd period - Shot Misses the Net.
18:32 of 3rd period - Icing by Stefan Noesen.
18:33 of 3rd period - Max Comtois wins face-off versus Derek Grant in Espoo Blues zone.
18:36 of 3rd period - Wrist shot by Drew O'Connor.
18:36 of 3rd period - Shot Misses the Net.
18:38 of 3rd period - Wrist shot by Denis Gurianov.
18:38 of 3rd period - Shot Blocked by Urho Vaakanainen.
18:57 of 3rd period - Minor Penalty to Max Comtois for Interference.
18:58 of 3rd period - Derick Brassard wins face-off versus Sean Monahan in Newfoundland Shamrocks zone.
19:01 of 3rd period - Slapshot by Derick Brassard.
19:01 of 3rd period - Stopped by Louis Domingue with a rebound.
19:03 of 3rd period - Slapshot by Mattias Samuelsson.
19:03 of 3rd period - Shot Hit the Post.
19:05 of 3rd period - Snap shot by Joe Snively.
19:05 of 3rd period - Stopped by Louis Domingue without a rebound.
19:06 of 3rd period - Derick Brassard wins face-off versus Sean Monahan in Newfoundland Shamrocks zone.
Goals for this period are 1 for Espoo Blues vs 0 for Newfoundland Shamrocks.
Shots for this period are 17 for Espoo Blues vs 6 for Newfoundland Shamrocks.
Back to the Top